[Event "ICC tourney 2062 (7 2)"]
[Site "Internet Chess Club"]
[Date "2020.10.16"]
[Round "7"]
[White "BobbyFissure"]
[Black "Jeffchess"]
[Result "0-1"]
[ICCResult "White resigns"]
[WhiteElo "1382"]
[BlackElo "1389"]
[Opening "Bird's opening"]
[ECO "A03"]
[NIC "VO.07"]
[Time "22:32:26"]
[TimeControl "420+2"]

1. f4 d5 2. Nf3 Bg4 3. e3 Nc6 4. Be2 d4 5. Nxd4 Nxd4 6. Bxg4 Nc6 7. d4 e6 8.
O-O Nf6 9. Bf3 Bd6 10. c4 Rb8 11. Nc3 Bb4 12. d5 exd5 13. Nxd5 Bd6 14. e4
Nxd5 15. exd5 Ne7 16. a3 O-O 17. b4 c5 18. b5 Qc7 19. Be2 Ng6 20. g3 Rfe8
21. Bb2 f6 22. Qd3 Bxf4 23. Bd1 Ne5 24. Qf5 Be3+ 25. Kg2 Qd7 26. Qxd7 Nxd7
27. Bg4 Ne5 28. Be6+ Kh8 29. Rfe1 Nxc4 30. Bc3 a6 31. Kf3 Bh6 32. a4 a5 33.
Bf5 Red8 34. Be6 b6 35. Re4 Nd6 36. Re2 Rb7 37. Bd2 Bxd2 38. Rxd2 Re7 39.
Re1 g5 40. Rde2 Kg7 41. Bg4 Rxe2 42. Rxe2 f5 43. Bh5 g4+ 44. Kf4 Rd7 45. Ke5
Re7+ 46. Kxd6 Rxe2 47. Kc7 Rd2 48. d6 c4 49. Bf7 Kxf7 50. d7 c3 51. d8=Q
Rxd8 52. Kxb6 c2 53. Ka7 c1=Q 54. b6 Rd7+ 55. b7 Qc5+ 56. Ka8 Qd5
{White resigns}
0-1